 Dungeon Crawl Stone Soup version 0.28-a0-730-g892d06dc2c (webtiles) character file.

Game seed: 12796805963080546219

94 kae the Sneak (level 4, 0/22 HPs)
             Began as a Spriggan Enchanter on Oct 28, 2021.
             Slain by an orc wizard (2 damage)
             ... on level 3 of the Dungeon.
             The game lasted 00:01:59 (3234 turns).

kae the Sneak (Spriggan Enchanter)                  Turns: 3234, Time: 00:02:00

Health: 0/22       AC:  2    Str:  5    XL:     4   Next: 38%
Magic:  0/9        EV: 17    Int: 16    God:
Gold:   124        SH:  0    Dex: 15    Spells: 7/9 levels left

rFire   . . .      SeeInvis +   a - +1 dagger
rCold   . . .      Faith    .   (shield restricted)
rNeg    . . .      Spirit   .   b - +0 robe
rPois   .          Reflect  .   (helmet restricted)
rElec   .          Harm     .   (no cloak)
rCorr   .          Rampage  .   (gloves unavailable)
Will    .....                   (boots unavailable)
Stlth   +++.......              (no amulet)
HPRegen 0.07/turn               (no ring)
MPRegen 0.11/turn               (no ring)

@: very quick
A: very small, no large weapons, unfitting armour, see invisible, speed 3
a: no special abilities


You were on level 3 of the Dungeon.
You visited 1 branch of the dungeon, and saw 3 of its levels.

You collected 124 gold pieces.

Inventory:

Hand Weapons
 a - a +1 dagger (weapon)
Armour
 b - a +0 robe (worn)
Potions
 c - a potion of invisibility
 d - a potion of attraction {unknown}


   Skills:
 + Level 1.0 Fighting
 * Level 2.9 Short Blades
 + Level 3.2 Dodging
 + Level 5.0 Stealth
 + Level 3.2 Spellcasting
 + Level 4.0 Hexes


You had 7 spell levels left.
You knew the following spells:

 Your Spells              Type           Power      Damage    Failure   Level
a - Ensorcelled Hibernat  Hex/Ice        18%        N/A       12%         2

Your spell library contained the following spells:

 Spells                   Type           Power      Damage    Failure   Level
 Confusing Touch          Hex            15%        N/A       11%         3
 Tukima's Dance           Hex            15%        N/A       11%         3
 Dazzling Flash           Conj/Hex       18%        N/A       24%         3


Dungeon Overview and Level Annotations

Branches:
Dungeon (3/15)

Altars:


Innate Abilities, Weirdness & Mutations

You are very small and have problems with some larger weapons.
You are too small for most types of armour.
You have supernaturally acute eyesight. (SInv)
You cover ground extremely quickly. (Speed+++)


Message History

You impale the bat!!
You kill the bat!
You barely miss the orc. The orc hits you but does no damage.
Casting: Ensorcelled Hibernation (safe; 12% risk of failure)
Confirm with . or Enter, or press ? or * to list all spells.
Aiming: Ensorcelled Hibernation (safe; 12% risk of failure)
Press: ? - help, Shift-Dir - straight line, f/p - orc
Aim: an orc, wielding a +0 short sword (chance to affect: 58%)
The orc looks drowsy...
The helpless orc fails to defend itself.
You impale the orc!!
You kill the orc!
You hit the orc wizard but do no damage.
The dart slug launches a dart at you.
The slug dart misses the orc wizard.
The slug dart hits you. The orc wizard completely misses you.
You completely miss the orc wizard.
The orc wizard hits you with a +0 dagger.
Casting: Ensorcelled Hibernation (safe; 12% risk of failure)
Confirm with . or Enter, or press ? or * to list all spells.
Aiming: Ensorcelled Hibernation (safe; 12% risk of failure)
Press: ? - help, Shift-Dir - straight line, f - orc wizard
Aim: an orc wizard, wielding a +0 dagger and wearing a +0 robe (slightly transparent, chance to affect: 40%)
The orc wizard resists with some effort.
The orc wizard misses you.
You hit the orc wizard but do no damage.
You completely miss the orc wizard.
The orc wizard hits you with a +0 dagger.
You barely miss the orc wizard.
The orc wizard points at you and mumbles some strange words.
The magic dart hits you.
* * * LOW HITPOINT WARNING * * *
Casting: Ensorcelled Hibernation (safe; 12% risk of failure)
Confirm with . or Enter, or press ? or * to list all spells.
Aiming: Ensorcelled Hibernation (safe; 12% risk of failure)
Press: ? - help, Shift-Dir - straight line, f/p - orc wizard
Aim: an orc wizard, wielding a +0 dagger and wearing a +0 robe (slightly transparent, chance to affect: 40%)
The orc wizard resists with some effort.
The orc wizard hits you with a +0 dagger.
You die...

########## ........
#######....# ..
........†..#### ...
#.<......# #####.#.#
#........# ..
....#.#.#########........#
#..##....#.##.wo@.###.[..##.#
#..#....b#.##.###.# #....# #
...........##.#
#.###.#.###.#.#
#......o......#
#.......†......
#..........####
#..#....#.#..## .......w.#.#
#....#..#(# #.....#o#
#..#...## # #..#.#.#.#.###
#..##.##
....$.>..o...####.....#


You could see an orc wizard (invisible) and a dart slug.

Vanquished Creatures
  A gnoll (D:1)
  3 adders
  3 dart slugs
  An orc (D:3)
  7 ball pythons
  4 endoplasms
  3 giant cockroaches
  7 hobgoblins
  2 quokkas (D:1)
  7 bats
  3 frilled lizards
  3 goblins (D:1)
  3 kobolds (D:1)
  3 rats
50 creatures vanquished.

Notes
Turn   | Place    | Note
-------+----------+-------------------------------------------
     0 | D:1      | kae the Spriggan Enchanter began the quest for the Orb.
     0 | D:1      | Reached XP level 1. HP: 9/9 MP: 5/5
  1035 | D:1      | Reached XP level 2. HP: 6/13 MP: 6/6
  1268 | D:1      | Learned a level 2 spell: Ensorcelled Hibernation
  1782 | D:1      | Reached XP level 3. HP: 17/17 MP: 6/8
  3034 | D:2      | Found a faded altar of an unknown god.
  3086 | D:3      | Reached XP level 4. HP: 21/21 MP: 9/9
  3095 | D:3      | Reached skill level 5 in Stealth
  3137 | D:3      | Reached skill level 1 in Fighting
  3234 | D:3      | Slain by an orc wizard

Illustrated notes

Levels and vault maps discovered:
D:1:      dpeg_arrival_round_a, layout_basic
D:2:      layout_loops_cross, hellmonk_ecumenical_altar_lost_god
D:3:      layout_loops_ring

Skill      XL: |  1  2  3  4 |
---------------+-------------+-----
Short Blades   | 2 |  2.9
Dodging        | 3 |  3.2
Spellcasting   | 3 |  3.2
Hexes          | 4 |  4.0
Stealth        | 5 |  5.0
Fighting       | 1 |  1.0

Action                   |  1- 3 |  4- 6 || total
-------------------------+-------+-------++-------
Melee: Dagger            |   156 |    47 ||   203
 Cast: Ensorcelled Hiber |     5 |     5 ||    10
  Use: Scroll            |     2 |       ||     2
 Stab: Sleeping          |    21 |     3 ||    24
Armor: Robe              |    15 |     7 ||    22
Dodge: Dodged            |   108 |    41 ||   149

Table legend: (Time is in decaauts)
 A = Elapsed time spent in this place.
 B = Non-inter-level travel time spent in this place.
 C = Inter-level travel time spent in this place.
 D = Time resting spent in this place.
 E = Time spent auto-exploring this place.
 F = Levels seen in this place.
 G = Mean time per level.
                   A        B        C        D        E       F      G
               +--------+--------+--------+--------+--------+-----+--------+
         Total |   2700 |   2666 |     34 |   1076 |   1179 |   3 |  900.0 |
       Dungeon |   2700 |   2666 |     34 |   1076 |   1179 |   3 |  900.0 |
               +--------+--------+--------+--------+--------+-----+--------+

Top non-repeatable levels by time:
     D:1: 1981 daAuts
     D:2: 598 daAuts
     D:3: 120 daAuts
